Cogmind - Beta 13 @@@ ROGUE MODE // 2024.04.25 @ 20:23:21 Player: DGSTER Result: Destroyed by as-23336 with Assembled Blade Performance ------------- Evolutions (0) 0 Regions Visited (2) 400 Robots Destroyed (19) 95 Value Destroyed (328) 328 Prototype IDs (3) 60 Alien Tech Used (0) 0 Bonus (0) 0 TOTAL SCORE: 883 Bonus ------- None Cogmind --------- Core Integrity 0/250 Matter 180/300 Energy 254/280 System Corruption 0% Temperature Cool (0) Movement Core (550) Ox10 Location -10/Mines Parts ------- > --- POWER (1) -------- Heavy Ion Engine > --- PROPULSION (2) --- (None) > --- UTILITY (2) ------ Large Storage Unit Visual Processing Unit > --- WEAPON (2) ------- Heavy EM Pulse Gun Medium Laser > --- INVENTORY (15) --- Heavy Ion Engine Heavy Ion Engine Light Angular Momentum Engine Carbon-fiber Leg Titanium Leg VSS Leg High-capacity Storage Unit Improved Targeting Computer Improved Targeting Computer Heavy Particle Cannon Assault Rifle Minigun Peak State ------------ > --- POWER ------------ Heavy Ion Engine > --- PROPULSION ------- Light Treads Light Treads > --- UTILITY ---------- Large Storage Unit Visual Processing Unit > --- WEAPON ----------- Assault Rifle Assault Rifle > --- INVENTORY -------- Heavy Ion Engine Heavy Ion Engine Light Angular Momentum Engine Carbon-fiber Leg Titanium Leg VSS Leg High-capacity Storage Unit Improved Targeting Computer Improved Targeting Computer Heavy EM Pulse Gun Medium Laser Minigun Grenade Launcher [Rating: 13] Favorites ----------- Power Heavy Ion Engine Engine Heavy Ion Engine Propulsion Light Treads Treads Light Treads Utility Large Storage Unit Storage Large Storage Unit Processor Visual Processing Unit Weapon Assault Rifle Energy Gun Medium Laser Ballistic Gun Assault Rifle Launcher Grenade Launcher Build | -11 -10 -10 ------- Run | Yrd Mat Min Slots Evolved . | . . . Power . | . . . Propulsion . | . . . Utility . | . . . Weapon . | . . . Parts Attached 16 | 7 6 3 Power 3 | 1 2 . Engine 3 | 1 2 . Core . | . . . Reactor . | . . . Propulsion 2 | 2 . . Treads 2 | 2 . . Leg . | . . . Wheel . | . . . Hover . | . . . Flight . | . . . Utility 5 | 1 4 . Device . | . . . Storage 4 | 1 3 . Processor 1 | . 1 . Hackware . | . . . Protection . | . . . Artifact . | . . . Weapon 6 | 3 . 3 Energy Gun 3 | 1 . 2 Energy Cannon . | . . . Ballistic Gun 2 | 2 . . Ballistic Cannon . | . . . Launcher 1 | . . 1 Special Weapon . | . . . Impact Weapon . | . . . Slashing Weapon . | . . . Piercing Weapon . | . . . Special Melee Weapon . | . . . Unidentified Prototypes 1 | . 1 . Parts Lost 5 | . 1 4 Power 1 | . 1 . Propulsion 2 | . . 2 Utility . | . . . Weapon 2 | . . 2 Highest Loss Streak 4 | . 1 4 To Critical Strikes . | . . . Average Slot Usage (%) 92 | . 91 99 Engine 14 | . 14 14 Treads 28 | . 28 28 Storage 14 | . 14 14 Processor 7 | . 6 14 Ballistic Gun 27 | . 28 26 Naked Turns . | . . . Heaviest Build 47 | 12 47 32 Greatest Support 40 | 40 40 40 Greatest Overweight (x) 1 | . 1 . Average Overweight (x) . | . . . Largest Inventory Capacity 20 | 8 20 15 Average Capacity 15 | 7 15 15 Most Carried 14 | 4 9 14 Average Carried 6 | 2 6 10 Final Capacity 15 | 8 15 15 Final Carried 12 | 4 9 12 Class Distribution -------------------- 100% | Mutant Dominant Class ---------------- Mutant | -10/Materials Mutant | -10/Mines Resources | -11 -10 -10 ----------- Run | Yrd Mat Min Matter Collected 486 | 202 284 . Remotely . | . . . Salvage Created 609 | . 569 40 Parts 35 | . 33 2 Haulers Intercepted 1 | . 1 . Recyclers Shooed 2 | . 2 . Parts Field Recycled . | . . . Retrieved Matter . | . . . Parts Self-Destructed . | . . . Prevented . | . . . Kills | -11 -10 -10 ------- Run | Yrd Mat Min Combat Hostiles Destroyed 29 | . 13 16 Guns 13 | . 13 . AOE 16 | . . 16 Classes Destroyed 6 | . 5 1 Worker 3 | . 2 1 Hauler 1 | . 1 . Recycler 2 | . 2 . Swarmer 6 | . 6 . Grunt 7 | . 7 . Assembled 16 | . . 16 Best Kill Streak 17 | . 3 17 Combat Bots Only 16 | . 3 16 Max Kills in Single Turn 4 | . 1 4 Gunslinging . | . . . Exploded 4 | . . 4 Melee . | . . . Uniques/NPCs Destroyed . | . . . Combat | -11 -10 -10 -------- Run | Yrd Mat Min Hostile Shots Fired 99 | . 71 28 Missed 32 | . 22 10 Damage Taken 906 | . 480 426 Core 255 | . 92 163 Absorbed by Shields . | . . . Core Remaining (%) 100 | 100 . . Volleys Fired 39 | . 28 11 Largest 2 | . 2 1 Hottest 40 | . 40 30 Shots Fired 67 | . 56 11 Gun 56 | . 56 . Cannon . | . . . Launcher 11 | . . 11 Special . | . . . Kinetic 56 | . 56 . Thermal . | . . . Explosive 11 | . . 11 Electromagnetic . | . . . Robot Hit Streak 7 | . 7 . Robot Miss Streak 3 | . 3 . Penetration Max . | . . . Secondary Targets 1 | . 1 . Max Gunslinging Chain 1 | . 1 . Shots Hit Robots 36 | . 36 . Core Hits 68 | . 23 45 Critical Kills . | . . . Critical Parts Destroyed . | . . . Critical Strikes . | . . . Melee Attacks . | . . . Impact . | . . . Slashing . | . . . Piercing . | . . . Sneak Attacks . | . . . Combat Hostiles . | . . . Follow-up Attacks . | . . . Damage Inflicted 1697 | . 571 1126 Guns 457 | . 457 . Cannons . | . . . Explosions 1110 | . . 1110 Melee . | . . . Ramming 130 | . 114 16 Kinetic 457 | . 457 . Thermal . | . . . Explosive 1110 | . . 1110 Electromagnetic . | . . . Impact . | . . . Slashing . | . . . Piercing . | . . . Highest Corruption . | . . . Average Corruption . | . . . Corruption Purged . | . . . Corruption Blocked . | . . . Overload Shots . | . . . Overflow Damage 13 | . . 13 Projectiles . | . . . Explosions 13 | . . 13 Melee . | . . . Knockbacks . | . . . Impact . | . . . Kinetic . | . . . Secondary . | . . . Self-Inflicted Damage 25 | . . 25 Shots 1 | . . 1 Rammed 19 | . 15 4 Targets Rammed 22 | . 18 4 Kicked . | . . . Crushed 3 | . 3 . Highest Temperature 2 | . 2 . Average Temperature 2 | . 2 . Received Heat Transfer 108 | . 108 . Siege Activations . | . . . Robots Corrupted . | . . . Combat Hostiles . | . . . Parts Fried . | . . . Impact Corruptions . | . . . Robots Melted . | . . . Combat Hostiles . | . . . Parts Melted . | . . . Heat Transferred . | . . . Parts Sabotaged . | . . . Parts Stolen . | . . . Parts Stripped . | . . . Power Chain Reactions . | . . . Alert | -11 -10 -10 ------- Run | Yrd Mat Min Peak Influence 186 | . 186 63 Initial 33 | . . 33 Average 69 | . 79 34 Maximum Alert Level . | . . . Low Security (%) 100 | 100 100 100 Level 1 . | . . . Level 2 . | . . . Level 3 . | . . . Level 4 . | . . . Level 5 . | . . . High Security . | . . . Max Security . | . . . Squads Dispatched 4 | . 4 . Investigation 2 | . 2 . Extermination . | . . . Reinforcement 2 | . 2 . Assault . | . . . Garrison . | . . . Intercept . | . . . Searches Triggered . | . . . Construction Impeded . | . . . Haulers Reinforced . | . . . Active Scanning Responses . | . . . Cargo Convoy Interrupts . | . . . Stealth | -11 -10 -10 --------- Run | Yrd Mat Min Distress Signals 2 | . 2 . Communications Jammed . | . . . Distress Signals . | . . . Times Spotted 50 | . 28 22 Peak Tracking Total 17 | . 5 17 Tactical Retreats . | . . . Traps | -11 -10 -10 ------- Run | Yrd Mat Min Traps Triggered 1 | . 1 . Indirectly . | . . . Trap Hack Attempts . | . . . Triggered . | . . . Disarmed . | . . . Reprogrammed . | . . . Reused . | . . . Traps Extracted . | . . . Installed . | . . . Triggered . | . . . Machines | -11 -10 -10 ---------- Run | Yrd Mat Min Machines Disabled . | . . . Max in Single Turn . | . . . Machines Repaired . | . . . Machines Dismantled . | . . . Machines Sabotaged . | . . . Overloaded Fab Kills . | . . . Hacking | -11 -10 -10 --------- Run | Yrd Mat Min Machines Accessed 6 | . 5 1 Terminals 4 | . 4 . Fabricators . | . . . Repair Stations . | . . . Recycling Units 1 | . 1 . Scanalyzers . | . . . Garrison Access . | . . . Total Hacks 15 | . 14 1 Successful 8 | . 7 1 Failed 7 | . 7 . Catastrophic . | . . . Database Lockouts . | . . . Manual 1 | . 1 . Terminals 13 | . 13 . Fabricators . | . . . Repair Stations . | . . . Recycling Units 1 | . 1 . Scanalyzers . | . . . Garrison Access . | . . . Terminal Hacks 7 | . 6 1 Record 4 | . 4 . Robot Analysis 1 | . 1 . Prototype ID Bank 1 | . 1 . Open Door 1 | . . 1 Fabricator Hacks . | . . . Repair Station Hacks . | . . . Recycling Unit Hacks 1 | . 1 . Report Inventory 1 | . 1 . Scanalyzer . | . . . Garrison Access Hacks . | . . . Unauthorized Hacks . | . . . Terminals . | . . . Fabricators . | . . . Repair Stations . | . . . Recycling Units . | . . . Scanalyzers . | . . . Garrison Access . | . . . Data Cores Recovered . | . . . Used . | . . . Hacking Detections 3 | . 3 . Full Trace Events 2 | . 2 . Feedback Events . | . . . Feedback Blocked . | . . . Robot Schematics Acquired . | . . . Robots Built . | . . . Authchips . | . . . Time . | . . . Total Robot Build Rating . | . . . Part Schematics Acquired . | . . . Parts Built . | . . . Authchips . | . . . Time . | . . . Total Part Build Rating . | . . . Parts Repaired . | . . . Time . | . . . Parts Recycled . | . . . Recycled Matter . | . . . Retrieved Matter . | . . . Retrieved Components . | . . . Parts Scanalyzed . | . . . Part Schematics Acquired . | . . . Parts Damaged . | . . . Bothacking | -11 -10 -10 ------------ Run | Yrd Mat Min Used RIF Installer . | . . . Robots Hacked . | . . . Non-combat . | . . . Combat . | . . . Robot Hacks Applied . | . . . Relay Couplers Released . | . . . Fabnet Peak Effective % . | . . . Robots Rewired . | . . . Allies Hacked . | . . . Hacks Repelled . | . . . Allies | -11 -10 -10 -------- Run | Yrd Mat Min Total Allies . | . . . Largest Group . | . . . Highest-Rated Group . | . . . Highest-Rated Ally . | . . . Total Orders . | . . . Ally Attacks . | . . . Total Damage . | . . . Kills . | . . . Allies Corrupted . | . . . Allies Melted . | . . . Intel | -11 -10 -10 ------- Run | Yrd Mat Min Robot Analysis Total 1 | . 1 . Derelict Logs Recovered . | . . . Drone Launches . | . . . Drone Recoveries . | . . . Exploration | -11 -10 -10 ------------- Run | Yrd Mat Min Turns Passed 1686 | 68 1358 260 Spaces Moved 880 | 37 705 138 Core 7 | 7 . . Treads 873 | 30 705 138 Legs . | . . . Wheels . | . . . Hover . | . . . Flight . | . . . Fastest Speed 50 | 50 160 160 Average Speed 166 | 139 169 160 Slowest Speed 240 | 160 240 160 Overloaded Moves . | . . . Propulsion Burnouts . | . . . Robots Hopped . | . . . Cave-ins Triggered . | . . . Exploration Rate (%) 41 | 4 97 24 Regions Visited 2 Branch Regions 1 Pre-discovered Areas . | . . . Known Exits Taken . | . . . Unknown Exits Taken 2 | 1 1 . Scrap Searched . | . . . Spaces Dug . | . . . Terrain Destroyed 56 | . . 56 Melee . | . . . Projectile . | . . . AOE 56 | . . 56 Terrain Rammed . | . . . Walls Destroyed . | . . . Machines Disabled . | . . . Actions | -11 -10 -10 --------- Run | Yrd Mat Min Total 1022 | 53 804 165 Wait 26 | . 26 . Move 878 | 36 704 138 Hop . | . . . Pick Up 31 | 10 14 7 Fast Attach . | . . . Attach 13 | 6 5 2 Detach 1 | . 1 . Swap 3 | 1 1 1 Drop 9 | . 7 2 Fire 39 | . 28 11 Melee . | . . . Ram . | . . . Kick . | . . . Crush 22 | . 18 4 Escape Stasis . | . . . Rewire . | . . . Trap . | . . . Miscellaneous . | . . . Route ------- -11/Scrapyard -10/Materials (discovered 5 exits: [*Mat x3] / *Min x2) -10/Mines (discovered 1 exit: [*Mat]) History --------- Turn | Location | Event 47 | -11/Scrapyard | Discovered new exit (range 14) 69 | -11/Scrapyard | Entered Materials 248 | -10/Materials | Discovered new exit (range 10) 300 | -10/Materials | Build established: Mutant 405 | -10/Materials | Discovered new exit (range 15) 540 | -10/Materials | Discovered new exit (range 12) 686 | -10/Materials | Discovered new exit (range 15) 984 | -10/Materials | Discovered new exit (range 10) 1427 | -10/Materials | Entered Mines 1547 | -10/Mines | Discovered new exit (range 5) 1569 | -10/Mines | YI-UF0 nonchalantly dropped a Grenade Launcher on the ground 1602 | -10/Mines | Met a Derelict who couldn't figure out how to use a Trap Extractor 1656 | -10/Mines | Assembled infested the area 1678 | -10/Mines | Core integrity fell below 50% 1687 | -10/Mines | Destroyed by as-23336 with Assembled Blade Last Messages --------------- as-37419 destroyed. as-17899 destroyed. as-18526 destroyed. D-53 Grenadier destroyed. U-05 Engineer destroyed. as-10495 destroyed. as-07801 destroyed. as-45831 destroyed. as-09478 destroyed. The unstable cave ceiling collapses. Assault Rifle destroyed. D-53 Grenadier destroyed. as-41938 destroyed. as-55935 destroyed. [Achievement: Exterminator] Destroyed Asb. Hover Unit. as-08710 destroyed. Lgt. Treads destroyed. Grenade Launcher destroyed. Lgt. Treads destroyed. Map ----- +----------------------------------------------------+ | ????????# #??????????????????????????? | | ????????# #??????????????????????????? | | ????????## ##??????????????????????????? | | ?????????## ##???????????????????????????? | | ??????????### ###????????????????????????????? | | ????????????# #??????????????????????????????? | | ????######### #####??????????????????????????? | | ????# " # #??????????????????????????? | | ???## ###### #??????????????????????????? | | ???# ! #????# #########??????????????????? | | ???## %% %##?? #???????????????? | | ???## #==###??? #########??????????????????? | | ???# #??? ??????????????????????????? | | ???# ##??? ??????????????????????????? | | ???## #### #?????????????????????????? | | ????##### ## ##????????????????????????? | | ????????### #????????????????????????? | | ??????????## ##???????????????????????? | | ???????????## ##????????????%*????????? | | ????????????## #?????????? =#????????? | | ?????????????## #???????? #?????????? | | ??????????????# #?????? #?????????? | | ??????????????## ## #???? #?????????? | | ???????????????##### ### #?????????? | | ???????????????????# a a ??????? | | ???????????????????# @a ??????? | | ???????????????????# a ! ??????? | | ???????????????????# % # ??????? | | ???????????????????##### # #??????????? | | ???????????????????????? # #??????????? | | ????????????????????????? ###?????????????? | | ?????????????????????????? ##???????????????? | | ??????????????????????????? #????????????????? | | ????????????????????????????#????????????????? | | ?????????????????????????????????????????????? | | ?????????????????????????????????????????????? | | ?????????????????????????????????????????????? | | ?????????????????????????????????????????????? | | ?????????????????????????????????????????????? | | ?????????????????????????????????????????????? | | ?????????????????????????????????????????????? | | ?????????????????????????????????????????????? | | ?????????????????????????????????????????????? | | ?????????????????????????????????????????????? | | ?????????????????????????????????????????????? | | | | | | | | | | | +----------------------------------------------------+ Best States ------------- Heat Dissipation 25 Energy Generation 14 Energy Capacity 280 Matter Stores 300 Matter Capacity 300 Sight Range 18 Terrain Scan Density 10 Evasion (%) 40 Recoil Reduction 2 Item Schematics ----------------- None Robot Schematics ------------------ None Fabricated ------------ Nothing Alien Tech Used ----------------- None Achievements -------------- Exterminator Challenges ------------ None Game ------ Seed VisualImprovedShearcannon Manual? 0 Play Time 00:11:13 Cumulative 25.4 hours Start 2024.04.25 @ 20:14:39 End 2024.04.25 @ 20:23:21 Sessions 1 Manual Loads 0 Difficulty Rogue Special Mode None Game No. 29 Rogue 28 Adventurer 1 Explorer 0 Win Type - Total 0 Types 0/0/0/0/0/0/0/0/0 Lore% 26 Gallery% 35 Achievement% 28 Wizard Run 0 Options --------- Layout 1 ASCII 0 Keyboard 0 Movement Numpad Keybinds 0 Fullscreen 1 Font 24/Smallcaps Map View 50x35 Zoom Use 0% Tactical HUD 0 Map Filters NONE Filters NONE Steam 1 RUN: 839adb51-b17b-44e6-8531-65f62fcc2206